General information
- name: BNet
- type: Ladder team game (AT/RT)
- host: Battle.net
- saver: GODIEPLZ
map: GolemsInTheMist
- players: 8
- length: 15:22
- speed: Fast
- version: 1.26 W3XP
- replay type: Public
» download(115 KB)
Players
team 1 (loser)
tdpaabhywki (
purple | 50 APM | 763 actions | 15:20)
4 Death Knight
2 Death Coil
2 Unholy Aura
» actions
| Build / train | 45 | |
| Enter build submenu | 10 | |
| Enter hero's abilities submenu | 4 | |
| Right click | 473 | |
| Select / deselect | 208 | |
| Use ability | 23 | |
763 total
» units
| Acolyte | 2 | |
| Ghoul | 7 | |
| Crypt Fiend | 21 | |
30 total
» upgrades
| Creature Attack | 1 | |
| Web | 1 | |
| Creature Carapace | 1 | |
3 total
» buildings
| Ziggurat | 4 | |
| Crypt | 2 | |
| Altar of Darkness | 1 | |
| Graveyard | 1 | |
| Halls of the Dead | 1 | |
| Tomb of Relics | 1 | |
| Black Citadel | 2 | |
| Sacrificial Pit | 1 | |
| Spirit Tower | 1 | |
| Nerubian Tower | 1 | |
15 total
» build order
00:11 Ziggurat
00:22 Crypt
00:40 Altar of Darkness
01:09 Graveyard
01:26 Ziggurat
02:08 Crypt
02:43 Ziggurat
04:33 Ziggurat
05:57 Halls of the Dead
07:15 Tomb of Relics
10:12 Black Citadel
10:12 Black Citadel
10:24 Sacrificial Pit
11:09 Spirit Tower
12:11 Nerubian Tower

»
Gaia-Abyss (
pink | 27 APM | 415 actions | 15:20)
4 Death Knight
2 Death Coil
1 Death Pact
1 Unholy Aura
» actions
| Build / train | 39 | |
| Enter build submenu | 10 | |
| Enter hero's abilities submenu | 4 | |
| Right click | 182 | |
| Select / deselect | 158 | |
| Use ability | 22 | |
415 total
» units
| Acolyte | 3 | |
| Ghoul | 8 | |
| Crypt Fiend | 8 | |
| Gargoyle | 3 | |
| Goblin Shredder | 1 | |
| Goblin Zeppelin | 1 | |
24 total
» upgrades
| Creature Attack | 2 | |
| Creature Carapace | 1 | |
| Web | 1 | |
| Burrow | 1 | |
5 total
» buildings
| Crypt | 2 | |
| Ziggurat | 5 | |
| Altar of Darkness | 1 | |
| Graveyard | 1 | |
| Tomb of Relics | 1 | |
| Spirit Tower | 4 | |
| Halls of the Dead | 1 | |
15 total
» build order
00:19 Crypt
00:21 Ziggurat
00:24 Altar of Darkness
01:24 Graveyard
01:50 Ziggurat
01:58 Tomb of Relics
03:06 Crypt
04:36 Ziggurat
06:15 Ziggurat
06:28 Ziggurat
06:55 Spirit Tower
09:37 Halls of the Dead
10:24 Spirit Tower
10:26 Spirit Tower
10:33 Spirit Tower
amtron (
red | 82 APM | 1144 actions | 13:52)
2 Warden
1 Fan of Knives
1 Blink
» actions
| Assign group hotkey | 18 | |
| Build / train | 34 | |
| ESC pressed | 2 | |
| Enter build submenu | 11 | |
| Enter hero's abilities submenu | 3 | |
| Right click | 413 | |
| Select / deselect | 227 | |
| Select group hotkey | 386 | |
| Use ability | 50 | |
1144 total
» units
» buildings
| Altar of Elders | 1 | |
| Moon Well | 5 | |
| Ancient of War | 2 | |
| Tree of Ages | 1 | |
| Tree of Eternity | 1 | |
| Hunter's Hall | 1 | |
| Ancient of Wonders | 1 | |
12 total
» build order
00:31 Altar of Elders
00:36 Moon Well
00:51 Ancient of War
01:18 Ancient of War
01:47 Moon Well
02:52 Moon Well
04:11 Moon Well
06:29 Moon Well
08:48 Tree of Ages
11:31 Tree of Eternity
11:51 Hunter's Hall
11:57 Ancient of Wonders

»
chimeric (
green | 53 APM | 817 actions | 15:17)
2 Mountain King
1 Storm Bolt
1 Bash
3 Paladin
1 Holy Light
1 Divine Shield
1 Devotion Aura
» actions
| Assign group hotkey | 11 | |
| Build / train | 46 | |
| Enter build submenu | 20 | |
| Enter hero's abilities submenu | 5 | |
| Remove unit from queue | 8 | |
| Right click | 245 | |
| Select / deselect | 182 | |
| Select group hotkey | 255 | |
| Use ability | 45 | |
817 total
» units
| Peasant | 8 | |
| Footman | 4 | |
| Rifleman | 2 | |
| Knight | 2 | |
| Goblin Zeppelin | 1 | |
17 total
» upgrades
| Defend | 1 | |
| Swords | 1 | |
| Plating | 1 | |
| Masonry | 2 | |
| Animal War Training | 1 | |
6 total
» buildings
| Altar of Kings | 1 | |
| Farm | 9 | |
| Barracks | 2 | |
| Lumber Mill | 1 | |
| Blacksmith | 1 | |
| Keep | 1 | |
| Arcane Vault | 1 | |
| Castle | 1 | |
| Workshop | 2 | |
19 total
» build order
00:10 Altar of Kings
00:16 Farm
00:56 Barracks
01:15 Farm
01:45 Barracks
01:57 Farm
02:37 Farm
02:59 Lumber Mill
03:37 Blacksmith
04:14 Farm
06:36 Keep
06:54 Arcane Vault
07:46 Farm
09:42 Castle
09:45 Farm
10:23 Farm
13:29 Farm
14:26 Workshop
14:27 Workshop
» items
| Scroll of Regeneration | 2 | |
| Lesser Clarity Potion | 2 | |
| Scroll of Town Portal | 1 | |
| Orb of Fire | 1 | |
6 total
team 2 (winner)
Kaniza (
teal | 97 APM | 1486 actions | 15:21)
4 Blood Mage
2 Flame Strike
2 Siphon Mana
2 Archmage
1 Blizzard
1 Brilliance Aura
» actions
| Assign group hotkey | 668 | |
| Build / train | 55 | |
| Enter build submenu | 26 | |
| Enter hero's abilities submenu | 6 | |
| Right click | 304 | |
| Select / deselect | 191 | |
| Select group hotkey | 155 | |
| Use ability | 81 | |
1486 total
» units
| Peasant | 11 | |
| Footman | 8 | |
| Goblin Zeppelin | 1 | |
| Sorceress | 6 | |
| Mortar Team | 4 | |
30 total
» upgrades
| Defend | 1 | |
| Lumber Harvesting | 1 | |
| Gunpowder | 1 | |
3 total
» buildings
| Altar of Kings | 1 | |
| Barracks | 1 | |
| Farm | 12 | |
| Arcane Vault | 2 | |
| Keep | 1 | |
| Blacksmith | 1 | |
| Workshop | 2 | |
| Town Hall | 1 | |
| Arcane Sanctum | 1 | |
| Lumber Mill | 1 | |
| Castle | 3 | |
26 total
» build order
00:09 Altar of Kings
00:13 Barracks
00:16 Farm
00:53 Farm
01:33 Farm
02:14 Arcane Vault
03:17 Keep
03:42 Farm
05:15 Blacksmith
06:58 Workshop
07:03 Farm
07:07 Farm
08:15 Town Hall
08:55 Arcane Sanctum
08:58 Farm
10:01 Arcane Vault
10:03 Farm
10:08 Lumber Mill
11:37 Farm
11:41 Farm
11:42 Castle
11:42 Castle
11:42 Castle
12:50 Farm
12:57 Workshop
13:32 Farm
» items
| Healing Salve | 1 | |
| Rod of Necromancy | 1 | |
| Scroll of Regeneration | 2 | |
| Scroll of Town Portal | 2 | |
| Potion of Healing | 2 | |
8 total

»
dooper-sucks (
yellow | 29 APM | 439 actions | 15:21)
4 Shadow Hunter
2 Hex
2 Healing Wave
» actions
| Assign group hotkey | 10 | |
| Build / train | 50 | |
| Enter build submenu | 22 | |
| Enter hero's abilities submenu | 4 | |
| Remove unit from queue | 2 | |
| Right click | 161 | |
| Select / deselect | 132 | |
| Select group hotkey | 13 | |
| Use ability | 45 | |
439 total
» units
| Peon | 7 | |
| Grunt | 1 | |
| Troll Headhunter/Berserker | 15 | |
| Troll Witch Doctor | 5 | |
28 total
» upgrades
| Spiked Barricades | 1 | |
| Troll Regeneration | 1 | |
| Witch Doctor Training | 2 | |
| Ranged Weapons | 2 | |
| Armor | 1 | |
| Berserker Upgrade | 1 | |
8 total
» buildings
| Altar of Storms | 2 | |
| Orc Burrow | 6 | |
| Barracks | 2 | |
| War Mill | 1 | |
| Voodoo Lounge | 1 | |
| Stronghold | 1 | |
| Watch Tower | 4 | |
| Spirit Lodge | 1 | |
| Fortress | 1 | |
19 total
» build order
00:12 Altar of Storms
00:16 Altar of Storms
00:17 Orc Burrow
00:34 Barracks
00:37 Barracks
01:28 War Mill
02:53 Orc Burrow
03:09 Voodoo Lounge
03:48 Stronghold
04:10 Watch Tower
04:22 Watch Tower
04:27 Watch Tower
04:59 Watch Tower
07:00 Spirit Lodge
08:40 Fortress
10:42 Orc Burrow
11:44 Orc Burrow
12:48 Orc Burrow
13:36 Orc Burrow
» items
| Rod of Necromancy | 1 | |
| Lesser Clarity Potion | 1 | |
| Orb of Lightning | 1 | |
| Scroll of Town Portal | 1 | |
| Potion of Healing | 1 | |
5 total
GODIEPLZ (
orange | 138 APM | 2127 actions | 15:22)
6 Far Seer
3 Feral Spirit
3 Chain Lighting
3 Shadow Hunter
2 Hex
1 Healing Wave
1 Tauren Chieftain
1 War Stomp
» actions
| Assign group hotkey | 30 | |
| Basic commands | 97 | |
| Build / train | 59 | |
| ESC pressed | 5 | |
| Enter build submenu | 13 | |
| Enter hero's abilities submenu | 10 | |
| Give item / drop item | 1 | |
| Right click | 999 | |
| Select / deselect | 548 | |
| Select group hotkey | 294 | |
| Use ability | 70 | |
2127 total
» units
| Peon | 16 | |
| Grunt | 4 | |
| Goblin Shredder | 1 | |
| Wind Rider | 6 | |
27 total
» upgrades
| Ranged Weapons | 2 | |
| Envenomed Spears | 1 | |
3 total
» buildings
| Altar of Storms | 1 | |
| Orc Burrow | 4 | |
| Barracks | 1 | |
| Voodoo Lounge | 1 | |
| Stronghold | 2 | |
| War Mill | 1 | |
| Beastiary | 2 | |
| Great Hall | 2 | |
| Fortress | 1 | |
15 total
» build order
00:05 Altar of Storms
00:08 Orc Burrow
00:27 Barracks
01:45 Orc Burrow
01:56 Voodoo Lounge
03:15 Stronghold
03:15 Stronghold
03:53 War Mill
04:42 Orc Burrow
06:12 Beastiary
06:13 Beastiary
06:53 Great Hall
08:32 Orc Burrow
10:46 Fortress
15:19 Great Hall
» items
| Healing Salve | 1 | |
| Lesser Clarity Potion | 3 | |
| Scroll of Town Portal | 5 | |
| Scroll of Speed | 1 | |
| Potion of Mana | 1 | |
| Potion of Healing | 1 | |
12 total

»
soupdude (
blue | 23 APM | 352 actions | 15:21)
2 Dreadlord
1 Vampiric Aura
1 Sleep
» actions
| Assign group hotkey | 1 | |
| Basic commands | 1 | |
| Build / train | 34 | |
| Enter build submenu | 14 | |
| Enter hero's abilities submenu | 2 | |
| Remove unit from queue | 6 | |
| Right click | 131 | |
| Select / deselect | 135 | |
| Select group hotkey | 2 | |
| Use ability | 26 | |
352 total
» units
| Acolyte | 2 | |
| Ghoul | 14 | |
| Crypt Fiend | 2 | |
18 total
» upgrades
» buildings
| Altar of Darkness | 1 | |
| Ziggurat | 9 | |
| Crypt | 2 | |
| Tomb of Relics | 1 | |
| Graveyard | 1 | |
| Nerubian Tower | 1 | |
| Spirit Tower | 2 | |
| Halls of the Dead | 1 | |
| Black Citadel | 1 | |
19 total
» build order
00:39 Altar of Darkness
00:43 Ziggurat
00:46 Crypt
00:55 Tomb of Relics
01:22 Ziggurat
02:35 Crypt
03:21 Graveyard
04:11 Nerubian Tower
04:54 Ziggurat
05:27 Spirit Tower
07:04 Halls of the Dead
08:43 Ziggurat
08:49 Ziggurat
10:27 Ziggurat
10:31 Ziggurat
10:35 Ziggurat
10:38 Ziggurat
11:32 Spirit Tower
13:06 Black Citadel
» items
Chat log
(04:03 / Allies) Kaniza: get 1 tower
(04:06 / Allies) Kaniza: they coming atack
(04:31 / Allies) Kaniza: all ready to tp ?
(04:43 / Allies) Kaniza: they here
(04:50 / Allies) Kaniza: a lot of units
(12:13 / All) GODIEPLZ: What did we learn purple
(12:42 / Allies) GODIEPLZ: save this
(13:06 / Allies) Kaniza: meet
(13:51 / All) amtron: man, fuck this, no one has shit
(13:59 / All) soupdude: lol red sucked
(14:47 / All) GODIEPLZ: Lol u all suck